 Dungeon Crawl Stone Soup version 0.23.1-37-gaa34b87 (webtiles) character file.

Game seed: 15478796733667057648

14448 vishdafish the Frost Mage (level 12, -5/81 HPs)
             Began as an Octopode Transmuter on Mar 20, 2019.
             Was an Initiate of Gozag.
             Slain by a killer bee (9 damage)
             ... on level 11 of the Dungeon.
             The game lasted 00:36:07 (18216 turns).

vishdafish the Frost Mage (Octopode Transmuter)    Turns: 18216, Time: 00:36:08

Health: -5/81      AC:  2    Str: 14    XL:     12   Next: 16%
Magic:  8/16       EV: 13    Int: 16    God:    Gozag
Gold:   3          SH:  0    Dex: 12    Spells: 3/15 levels left

rFire    . . .     SeeInvis .     - Unarmed
rCold    + . .     Gourm    .   (shield currently unavailable)
rNeg     + . .     Faith    .   (helmet restricted)
rPois    +         Spirit   .   (no amulet)
rElec    +         Reflect  .   r - ring of the Lily {rElec rPois Stlth+}
rCorr    .         Harm     .   I - +1 ring of protection
MR       .....     Clarity  +   J - ring of positive energy
Stlth    +++.......             (no ring)
HPRegen  0.23/turn              (no ring)
MPRegen  0.15/turn              (no ring)
                                (no ring)
                                (no ring)

@: blade tentacles, gold aura, very slightly contaminated, hasted, very quick
A: almost no armour, stealthy swim, amphibious, 8 rings, constrict 8, camouflage
1, clarity, cold resistance 1, gelatinous body 1
a: End Transformation, Potion Petition, Call Merchant, Bribe Branch, Renounce
Religion


You were on level 11 of the Dungeon.
You worshipped Gozag.
Gozag was noncommittal.
You were not hungry.
You had blades for tentacles.
You visited 1 branch of the dungeon, and saw 11 of its levels.
You also visited: Sewer and Bailey.

You collected 2833 gold pieces.
You spent 1313 gold pieces at shops.
You paid 1517 gold pieces to Gozag.

Inventory:

Hand Weapons
 A - a +0 blowgun
Missiles
 a - 171 arrows
 s - 13 tomahawks (quivered)
 z - 3 curare-tipped needles
 L - 4 throwing nets
Jewellery
 f - an uncursed ring of ice
 r - the ring of the Lily (left scythe-like blade) {rElec rPois Stlth+}
   (You found it on level 4 of the Dungeon)

   [ring of poison resistance]

   It insulates you from electricity.
   It protects you from poison.
   It makes you more stealthy.
 I - a +1 ring of protection (right scythe-like blade)
 J - a ring of positive energy (on tentacle)
 N - an uncursed amulet of guardian spirit {unknown}
Wands
 w - a wand of random effects (21)
 B - a wand of enslavement (4)
 G - a wand of polymorph (7)
Scrolls
 b - 2 scrolls of enchant weapon
 c - 2 scrolls of identify
 e - 4 scrolls of blinking
 h - 5 scrolls of teleportation
 j - 4 scrolls of remove curse
 k - 2 scrolls of amnesia {unknown}
 l - 4 scrolls of noise
 m - a scroll of acquirement
 v - a scroll of torment {unknown}
 x - a scroll of fog {unknown}
 y - a scroll of immolation {unknown}
 D - 4 scrolls of fear
 E - a scroll of enchant armour
 M - a scroll of magic mapping
Potions
 g - a potion of brilliance
 i - 6 potions of lignification {unknown}
 n - 5 potions of mutation
 o - a potion of flight {unknown}
 p - 3 potions of might
 u - a potion of agility {unknown}
 C - a potion of cancellation
 H - 2 potions of degeneration {unknown}
 K - a potion of magic
Comestibles
 t - 2 rations


   Skills:
 + Level 7.0 Fighting
 - Level 2.0 Dodging
 * Level 10.3 Unarmed Combat
 - Level 2.0 Spellcasting
 - Level 9.0 Transmutations
 - Level 10.9 Ice Magic
 - Level 6.3 Evocations


You had 3 spell levels left.
You knew the following spells:

 Your Spells              Type           Power        Failure   Level  Hunger
a - Beastly Appendage     Tmut           ####..       12%         1    #......
b - Sticks to Snakes      Tmut           ####....     14%         2    ###....
c - Blade Hands           Tmut           ####......   54%         5    ######.
d - Ice Form              Ice/Tmut       ####....     26%         4    #####..

Your spell library contained the following spells:

 Spells                   Type           Power        Failure   Level  Hunger
 Spider Form              Tmut/Pois      ###.......   45%         3    ###....


Dungeon Overview and Level Annotations

Branches:
Dungeon (11/15)            Temple (0/1) D:7            Lair (0/6) D:8
    Orc (0/2) D:10

Altars:
Fedhas
Gozag
Kikubaaqudgha
Qazlal
Ru
Trog
Vehumet

Shops:
D:4 *   D:6 (   D:7 ?(((   D:8 *   D:9 *   D:11 %

Annotations:
D:4 Menkaure


Innate Abilities, Weirdness & Mutations

You cannot wear most types of armour.
You are very stealthy in the water. (Stealth+)
You are amphibious.
You can wear up to eight rings at the same time.
You can use your tentacles to constrict eight enemies at once.
Your skin changes colour to match your surroundings (Stealth+).
Your rubbery body absorbs attacks. (AC +1, EV +1)
You possess an exceptional clarity of mind.
Your flesh is cold resistant. (rC+)


Message History

* * * LOW HITPOINT WARNING * * *
You feel better.
You constrict the killer bee. The killer bee barely misses you.
The killer bee becomes distracted by the nearby gold, dreaming of imaginary riches.
The killer bee buzzes angrily. x2
You hit the killer bee but do no damage.
Your squeeze misses the killer bee.
The killer bee is moderately wounded.
You constrict the killer bee.
The killer bee becomes distracted by the nearby gold, dreaming of imaginary riches.
The killer bee stings you!
* * * LOW HITPOINT WARNING * * *
The killer bee buzzes angrily.
You slice the killer bee!!
You kill the killer bee!
You hear an angry buzzing noise.
The killer bee is no longer distracted by gold.
The killer bee stings you!
You die...
Your body crumbles into a pile of gold.

#<......# # #.......#
..##.##########.......#
#.....)∩......'.......#
####.##########.......#
# ###'##### ##.# #..#
#@## ##y### #yyy.#####
#.y[..T... #....##..#
#...!y.......
##.....####.. #....##
##..#.


You could see 6 killer bees.

Vanquished Creatures
  Fannar (D:10)
  Harold (D:9)
  Erica (D:9)
  A two-headed ogre (D:11)
  An orc high priest (Bailey)
  3 orc knights (Bailey)
  Pikel (D:7)
  An elephant (D:8)
  Joseph (D:10)
  A centaur zombie (D:10)
  Maurice (D:9)
  A kobold demonologist (Bailey)
  2 centaur skeletons (D:10)
  3 trolls
  2 hippogriffs
  Sigmund (D:2)
  3 yaks (D:10)
  Edmund (D:5)
  10 orc warriors
  Purgy (Sewer)
  3 ice beasts
  2 phantoms
  A sky beast (D:10)
  3 ogres
  3 centaurs
  2 crocodiles (D:8)
  Blork the orc (D:4)
  2 bullfrogs
  3 scorpions
  23 killer bees
  5 electric eels (Bailey)
  4 howler monkeys
  4 crimson imps
  3 jellies
  7 hounds
  5 orc priests
  2 bullfrog skeletons
  A gnoll shaman (D:7)
  3 iguanas
  7 worker ants
  15 orc wizards
  A hound zombie (D:8)
  A hound skeleton (D:11)
  Robin (D:2)
  A worker ant zombie (D:6)
  14 adders
  28 gnolls
  An ooze (D:1)
  3 adder zombies
  5 worms
  2 dart slugs
  11 leopard geckos
  57 orcs
  A ball python (D:3)
  2 giant cockroaches (D:3)
  22 hobgoblins
  2 jackals (D:2)
  10 kobolds
  3 quokkas
  10 bats
  2 frilled lizards (D:1)
  A giant cockroach zombie (D:5)
  28 goblins
  A jackal skeleton (D:9)
  2 leopard gecko skeletons
  5 rats
350 creatures vanquished.

Vanquished Creatures (collateral kills)
  A gnoll sergeant (D:7)
  2 gnolls (D:7)
3 creatures vanquished.

Grand Total: 353 creatures vanquished

Notes
Turn   | Place    | Note
-------+----------+-------------------------------------------
     0 | D:1      | vishdafish the Octopode Transmuter began the quest for the
                  | Orb.
     0 | D:1      | Reached XP level 1. HP: 13/13 MP: 3/3
    50 | D:1      | Reached XP level 2. HP: 9/18 MP: 1/5
   478 | D:1      | Reached XP level 3. HP: 1/23 MP: 6/6
   990 | D:2      | Noticed Sigmund
  1000 | D:2      | Killed Sigmund
  1000 | D:2      | Reached skill level 5 in Transmutations
  1000 | D:2      | Reached XP level 4. HP: 3/28 MP: 7/7
  1000 | D:2      | Reached XP level 5. HP: 4/33 MP: 8/8
  1478 | D:2      | Found an opulent altar of Gozag.
  1493 | D:2      | Reached XP level 6. HP: 22/38 MP: 9/9
  1498 | D:2      | Found an ancient bone altar of Kikubaaqudgha.
  1802 | D:2      | Noticed Robin
  1842 | D:2      | Became a worshipper of Gozag Ym Sagoz the Greedy
  1870 | D:2      | Killed Robin
  2533 | D:3      | Learned a level 2 spell: Sticks to Snakes
  2539 | D:3      | Learned a level 5 spell: Blade Hands
  3029 | D:3      | Found a glowing drain.
  3033 | Sewer    | Entered a sewer
  3272 | Sewer    | Noticed Purgy
  3279 | Sewer    | Killed Purgy
  3279 | Sewer    | Reached XP level 7. HP: 36/43 MP: 4/10
  3892 | D:4      | Got a warped bronze ring
  3893 | D:4      | Identified the ring of the Lily {rElec rPois Stlth+} (You
                  | found it on level 4 of the Dungeon)
  4129 | D:4      | Noticed Menkaure
  4644 | D:4      | Noticed Blork the orc
  4663 | D:4      | Killed Blork the orc
  4669 | D:4      | Reached XP level 8. HP: 24/48 MP: 2/11
  4678 | D:4      | Bought a fizzy black potion for 27 gold pieces
  4678 | D:4      | Bought a fizzy black potion for 27 gold pieces
  4678 | D:4      | Bought a green potion for 27 gold pieces
  4678 | D:4      | Bought a scroll of identify for 62 gold pieces
  4678 | D:4      | Bought a green potion for 27 gold pieces
  4684 | D:4      | Gained mutation: Your flesh is cold resistant. (rC+)
                  | [potion of mutation]
  4684 | D:4      | Gained mutation: You possess an exceptional clarity of
                  | mind. [potion of mutation]
  4805 | D:5      | Entered Level 5 of the Dungeon
  6260 | D:5      | HP: 2/51 [orc wizard/puff of flame (13)]
  6534 | D:5      | Reached skill level 5 in Unarmed Combat
  7108 | D:5      | Noticed Edmund
  7281 | D:5      | Killed Edmund
  7615 | D:5      | Reached XP level 9. HP: 42/58 MP: 12/12
  8710 | D:6      | Learned a level 4 spell: Ice Form
  8834 | D:7      | Found Ganusche's Weapon Shoppe.
  8835 | D:7      | Found a blossoming altar of Fedhas.
  8852 | D:6      | Reached skill level 1 in Evocations
  9176 | D:7      | Found a radiant altar of Vehumet.
  9544 | D:7      | Reached skill level 5 in Evocations
  9574 | D:7      | Found Ycietz's Magic Scroll Shoppe.
  9585 | D:7      | Bought a scroll of enchant weapon for 90 gold pieces
  9585 | D:7      | Bought a scroll of enchant armour for 90 gold pieces
  9585 | D:7      | Bought a scroll of teleportation for 36 gold pieces
  9585 | D:7      | Bought a scroll of identify for 24 gold pieces
  9585 | D:7      | Bought a scroll of identify for 24 gold pieces
  9585 | D:7      | Bought a scroll of identify for 24 gold pieces
  9585 | D:7      | Bought a scroll of identify for 24 gold pieces
  9592 | D:7      | Found a bloodstained altar of Trog.
 10229 | D:7      | Found a staircase to the Ecumenical Temple.
 10257 | D:7      | Found a stormy altar of Qazlal.
 10264 | D:7      | Found a sacrificial altar of Ru.
 10321 | D:7      | Found the +7 longbow "Piercer" {penet, EV-2}
 10337 | D:7      | Reached skill level 1 in Ice Magic
 10844 | D:7      | Found Bawah's Antique Weapon Shoppe.
 10846 | D:7      | Found Hawny's Weapon Shoppe.
 11110 | D:7      | Noticed Pikel
 11122 | D:7      | Killed Pikel
 11122 | D:7      | Reached XP level 10. HP: 65/65 MP: 9/14
 11364 | D:7      | Reached skill level 5 in Ice Magic
 11785 | D:8      | Found Idghi's Assorted Antiques.
 11794 | D:8      | Bought a worn fluorescent wand for 140 gold pieces
 11794 | D:8      | Bought a bubbling green potion for 31 gold pieces
 11794 | D:8      | Bought a scroll labeled FOARUP GOS TOSIXT for 35 gold
                  | pieces
 11794 | D:8      | Bought 2 fizzy black potions for 63 gold pieces
 11794 | D:8      | Bought a bone ring for 175 gold pieces
 11807 | D:8      | Found a staircase to the Lair.
 11807 | D:8      | Noticed an elephant
 11845 | D:8      | Killed an elephant
 11916 | D:8      | Found a flagged portal.
 12157 | Bailey   | Entered a bailey
 12362 | Bailey   | Noticed an orc knight
 12385 | Bailey   | Killed an orc knight
 12594 | Bailey   | Found an iron altar of Okawaru.
 12594 | Bailey   | Noticed a kobold demonologist
 12594 | Bailey   | Noticed an orc high priest
 12674 | Bailey   | Noticed an orc knight
 12812 | Bailey   | Noticed an orc knight
 12824 | Bailey   | Killed a kobold demonologist
 12828 | Bailey   | Killed an orc knight
 12836 | Bailey   | Killed an orc knight
 12872 | Bailey   | Reached XP level 11. HP: 61/70 MP: 15/15
 12895 | Bailey   | Killed an orc high priest
 12895 | Bailey   | Reached skill level 10 in Ice Magic
 13151 | Bailey   | Identified the +8 flail "Ygaibuw" {drain, rF+ Dex+2}
 14833 | D:9      | Found Eliurchifui's General Store.
 14836 | D:9      | Bought a potion of magic for 96 gold pieces
 14836 | D:9      | Bought a potion of heal wounds for 60 gold pieces
 14836 | D:9      | Bought a scroll of magic mapping for 42 gold pieces
 14836 | D:9      | Bought a scroll of identify for 24 gold pieces
 14859 | D:9      | Noticed Maurice
 14869 | D:9      | Killed Maurice
 15627 | D:9      | Noticed Erica
 15632 | D:9      | Killed Erica
 15690 | D:9      | Noticed Harold
 15703 | D:9      | Killed Harold
 15703 | D:9      | Reached skill level 5 in Fighting
 16277 | D:10     | Entered Level 10 of the Dungeon
 16790 | D:10     | Found a staircase to the Orcish Mines.
 16806 | D:10     | Noticed Fannar
 17035 | D:10     | Killed Fannar
 17623 | D:10     | Noticed Joseph
 17655 | D:10     | Killed Joseph
 18013 | D:10     | Reached XP level 12. HP: 66/80 MP: 10/16
 18168 | D:11     | Bought a ration for 55 gold pieces
 18168 | D:11     | Bought a ration for 55 gold pieces
 18168 | D:11     | Bought a ration for 55 gold pieces
 18191 | D:11     | Noticed a two-headed ogre
 18201 | D:11     | Reached skill level 10 in Unarmed Combat
 18207 | D:11     | HP: 4/80 [killer bee (5)]
 18211 | D:11     | Killed a two-headed ogre
 18212 | D:11     | HP: 3/81 [killer bee (4)]
 18216 | D:11     | Slain by a killer bee

Skill      XL: |  1  2  3  4  5  6  7  8  9 10 11 12 |
---------------+-------------------------------------+-----
Transmutations | 3 5 6 7 9 |  9.0
Fighting       | 3 4 6 7 |  7.0
Unarmed Combat | 6 7 9 10 | 10.3
Evocations     | 6 |  6.3
Ice Magic      | 4 9 10 | 10.9
Dodging        | |  2.0
Spellcasting   | |  2.0

Action                   |  1- 3 |  4- 6 |  7- 9 | 10-12 || total
-------------------------+-------+-------+-------+-------++-------
Melee: Unarmed           |    76 |   147 |   305 |   410 ||   938
       Constrict         |    15 |    33 |    53 |    59 ||   160
       Kick              |     7 |    13 |       |       ||    20
       Tentacles         |     9 |    20 |    37 |    76 ||   142
       Punch             |       |     3 |    12 |    18 ||    33
Throw: Tomahawk          |       |       |    48 |    31 ||    79
 Cast: Beastly Appendage |     3 |     4 |       |       ||     7
       Blade Hands       |       |     4 |    19 |    21 ||    44
       Sticks to Snakes  |       |       |     4 |       ||     4
       Ice Form          |       |       |     1 |     2 ||     3
Invok: Call Merchant     |       |       |     1 |     1 ||     2
Evoke: Wand              |       |       |    18 |    29 ||    47
  Use: Potion            |     1 |     1 |     5 |     9 ||    16
       Scroll            |       |     4 |    11 |     1 ||    16
 Stab: Sleeping          |     4 |     7 |     9 |     9 ||    29
       Distracted        |       |       |     1 |       ||     1
       Paralysed         |       |       |       |    15 ||    15
       Invisible         |       |       |       |     2 ||     2
  Eat: Ration            |       |     3 |    10 |     9 ||    22
Armor: Skin              |     7 |    10 |    13 |    21 ||    51
Dodge: Dodged            |    44 |    83 |   177 |   203 ||   507
